[Event "36th Indian-ch U13 Girls 2023"]
[Site "Secunderabad"]
[Date "2023.12.08"]
[Round "8.4"]
[White "Shivamshika G"]
[Black "Arshiya Das"]
[Result "1/2-1/2"]
[ECO "D43"]
[WhiteElo "1424"]
[BlackElo "1729"]
[Annotator "NA RC"]
[PlyCount "98"]
[EventDate "2023.12.04"]
[EventType "swiss"]
[EventCountry "IND"]
[SourceTitle "playchess.com"]
[Source "ChessBase"]
[SourceQuality "1"]
[TimeControl "5400+30"]

1. d4 d5 2. c4 c6 3. Nc3 Nf6 4. Nf3 e6 5. Bg5 h6 6. Bh4 dxc4 7. e4 g5 8. Bg3 b5 9. Be2 Nbd7 10. Ne5 Nxe5 11. Bxe5 Bb4 12. O-O Bxc3 13. bxc3 Rg8 14. f4 Nd7 15. Bh5 g4 16. Qe1 Nf6 17. Bxf6 Qxf6 18. Qg3 Rg7 19. f5 exf5 20. exf5 Kf8 21. Qf4 Kg8 22. Bxg4 Qh4 23. Be2 Qg5 24. Qxg5 Rxg5 25. g4 Bd7 26. a4 a5 27. h3 f6 28. Kf2 Rg7 29. Bf3 Ra6 30. Rfe1 Kf8 31. d5 b4 32. Reb1 b3 33. dxc6 Bxc6 34. Be2 Bd5 35. Rd1 Bf7 36. Rd8+ Ke7 37. Rad1 Ra7 38. Rb8 Rg8 39. Rb6 Rd8 40. Re1 Rd2 41. Ke3 Rd6 42. Rb5 Kd8 43. Rb8+ Kc7 44. Rf8 Kb6 45. Rb1 Re7+ 46. Kf3 Rd2 47. Rxf7 Rxf7 48. Bxc4 Rc7 49. Rxb3+ Ka7 1/2-1/2

[Event "36th Indian-ch U13 Girls 2023"]
[Site "Secunderabad"]
[Date "2023.12.08"]
[Round "8.5"]
[White "Saparya Ghosh"]
[Black "Aadya Gupta"]
[Result "1/2-1/2"]
[ECO "D23"]
[WhiteElo "1662"]
[BlackElo "1460"]
[Annotator "NA RC"]
[PlyCount "60"]
[EventDate "2023.12.04"]
[EventType "swiss"]
[EventCountry "IND"]
[SourceTitle "playchess.com"]
[Source "ChessBase"]
[SourceQuality "1"]
[TimeControl "5400+30"]

1. d4 d5 2. c4 c6 3. Nf3 Nf6 4. Qb3 dxc4 5. Qxc4 Bg4 6. Nbd2 Nbd7 7. g3 e6 8. Bg2 Be7 9. O-O O-O 10. Re1 Rc8 11. Qb3 Qb6 12. Nc4 Qa6 13. h3 Bh5 14. e4 c5 15. d5 Bxf3 16. Bxf3 b5 17. Ne3 c4 18. Qc2 Bb4 19. Bd2 Bxd2 20. Qxd2 Nc5 21. e5 Nxd5 22. Bxd5 exd5 23. Nxd5 Qe6 24. Nf4 Qh6 25. Qd6 Kh8 26. Kg2 Kg8 27. Kg1 Kh8 28. Kg2 Kg8 29. Kg1 Kh8 30. Kg2 Kg8 1/2-1/2

[Event "36th Indian-ch U13 Girls 2023"]
[Site "Secunderabad"]
[Date "2023.12.08"]
[Round "8.6"]
[White "Pratyasha Jena"]
[Black "Vaishnavi S K"]
[Result "1/2-1/2"]
[ECO "C78"]
[WhiteElo "1603"]
[BlackElo "1417"]
[Annotator "NA RC"]
[PlyCount "103"]
[EventDate "2023.12.04"]
[EventType "swiss"]
[EventCountry "IND"]
[SourceTitle "playchess.com"]
[Source "ChessBase"]
[SourceQuality "1"]
[TimeControl "5400+30"]

1. e4 e5 2. Nf3 Nc6 3. Bb5 a6 4. Ba4 Nf6 5. d3 b5 6. Bb3 Bc5 7. c3 d6 8. O-O h6 9. a4 Rb8 10. Re1 O-O 11. h3 Bd7 12. Nbd2 Bb6 13. Nf1 b4 14. Be3 bxc3 15. bxc3 Qc8 16. Rb1 Ba5 17. Bd2 Be6 18. Ne3 Ne7 19. Nc4 Bb6 20. Nxb6 Rxb6 21. Bxe6 Qxe6 22. Rxb6 cxb6 23. Qc2 Rc8 24. Qb2 Nd7 25. c4 Nc5 26. Qxb6 Rc6 27. Qb8+ Rc8 28. Qb1 Nxa4 29. Qc2 Nc5 30. Be3 Nc6 31. Rb1 a5 32. Bxc5 dxc5 33. Rb5 Nb4 34. Qc3 Qd6 35. Nxe5 f6 36. Nf3 Nxd3 37. Rxa5 Nf4 38. Qd2 Qc7 39. Ra1 Rd8 40. Qe1 Rd3 41. Rd1 Nxh3+ 42. Kf1 Nf4 43. Rxd3 Nxd3 44. Qd2 Ne5 45. Nxe5 Qxe5 46. Qd5+ Kh7 47. Qxe5 fxe5 48. Ke2 Kg6 49. Kf3 Kf6 50. Kg4 g6 51. g3 Ke6 52. Kh4 1/2-1/2

[Event "36th Indian-ch U13 Girls 2023"]
[Site "Secunderabad"]
[Date "2023.12.08"]
[Round "8.7"]
[White "Samhita Pungavanam"]
[Black "Akshaya Sathi"]
[Result "0-1"]
[ECO "B50"]
[WhiteElo "1437"]
[BlackElo "1542"]
[Annotator "NA RC"]
[PlyCount "116"]
[EventDate "2023.12.04"]
[EventType "swiss"]
[EventCountry "IND"]
[SourceTitle "playchess.com"]
[Source "ChessBase"]
[SourceQuality "1"]
[TimeControl "5400+30"]

1. e4 c5 2. Nf3 d6 3. c3 Nf6 4. Be2 g6 5. O-O Bg7 6. Bb5+ Nbd7 7. Re1 O-O 8. d4 a6 9. Bxd7 Nxd7 10. Be3 b6 11. Qd2 Bb7 12. Bh6 Rc8 13. Na3 Nf6 14. Bxg7 Kxg7 15. e5 Nd5 16. e6 h6 17. c4 Nc7 18. dxc5 bxc5 19. Qc3+ Kh7 20. exf7 Rxf7 21. Nh4 e6 22. Qg3 Qg5 23. Re3 Rcf8 24. Rb3 Ba8 25. Rf1 Rxf2 26. Nf3 Rxf1+ 27. Kxf1 Qc1+ 28. Qe1 Qf4 29. Qa5 Rf7 30. Qe1 Qxh2 31. Qe2 Qg3 32. Nc2 e5 33. Kg1 Bxf3 34. Rxf3 Rxf3 35. Qxf3 Qxf3 36. gxf3 Kg7 37. Ne3 Kf6 38. a3 a5 39. Kg2 Kg5 40. Kg3 h5 41. Ng2 Ne6 42. Ne3 Nf4 43. Nc2 h4+ 44. Kh2 Nd3 45. b3 Kf4 46. Kg2 g5 47. Na1 Ne1+ 48. Kf2 Nxf3 49. Nc2 h3 50. b4 cxb4 51. axb4 axb4 52. Nxb4 g4 53. Nd5+ Ke4 54. Nf6+ Kf5 55. Ne8 Ne1 56. Nxd6+ Kf4 57. Kg1 Nf3+ 58. Kf1 g3 0-1

[Event "36th Indian-ch U13 Girls 2023"]
[Site "Secunderabad"]
[Date "2023.12.08"]
[Round "8.9"]
[White "Kalyani Sirin"]
[Black "Saranya Devi Narahari"]
[Result "1-0"]
[ECO "B40"]
[WhiteElo "1802"]
[BlackElo "1392"]
[Annotator "NA RC"]
[PlyCount "135"]
[EventDate "2023.12.04"]
[EventType "swiss"]
[EventCountry "IND"]
[SourceTitle "playchess.com"]
[Source "ChessBase"]
[SourceQuality "1"]
[TimeControl "5400+30"]

1. e4 c5 2. Nf3 e6 3. b3 Nf6 4. e5 Nd5 5. Bb2 Nc6 6. d3 Be7 7. Nbd2 O-O 8. Ne4 f6 9. c4 Qa5+ 10. Nfd2 fxe5 11. cxd5 exd5 12. Ng3 Bg5 13. Be2 d6 14. a3 Be6 15. b4 cxb4 16. O-O Bxd2 17. Qxd2 bxa3 18. Qxa5 Nxa5 19. Rxa3 b6 20. Rc1 Rfc8 21. Rac3 b5 22. Rxc8+ Rxc8 23. Rxc8+ Bxc8 24. Ba3 Nb7 25. d4 Bd7 26. Bd1 g6 (26... Kf7 $11) 27. Bb3 (27. dxe5 $1 $14 a5 28. exd6) 27... Bc6 28. Ne4 a5 29. Nxd6 b4 30. Nxb7 Bxb7 31. Bc1 Bc6 32. Bd2 a4 33. Bd1 Kg7 34. Bxb4 exd4 35. Kf1 Kf6 36. Ke2 Ke5 37. Bc2 Bb5+ 38. Bd3 Bc4 39. Bc5 g5 40. Kd2 h5 41. f3 g4 42. fxg4 hxg4 43. Bb4 Ke6 44. Bf8 Kf6 45. Ba3 Ke6 46. Bb4 Kf6 47. Bf8 Bb3 48. Bb5 Kg5 49. Kd3 Bd1 50. Bd6 g3 51. Bxg3 a3 52. Be5 a2 53. Bxd4 Bg4 54. Ba1 Bf5+ 55. Kd4 Be4 56. g3 Kg4 57. Bd7+ Kf3 58. Bc6 Kg2 59. g4 Kxh2 60. Bxd5 Bg6 61. Ke5 Kg3 62. Be6 Kh4 63. Kf4 Be8 64. Bxa2 Bg6 65. Bc4 Be4 66. Bf1 Bg2 67. Bf6+ Kh3 68. Bxg2+ 1-0

[Event "36th Indian-ch U13 Girls 2023"]
[Site "Secunderabad"]
[Date "2023.12.08"]
[Round "8.10"]
[White "Yasaswi Krishna Bommi"]
[Black "Anushka Jain"]
[Result "1-0"]
[ECO "C00"]
[WhiteElo "1543"]
[BlackElo "1359"]
[Annotator "NA RC"]
[PlyCount "83"]
[EventDate "2023.12.04"]
[EventType "swiss"]
[EventCountry "IND"]
[SourceTitle "playchess.com"]
[Source "ChessBase"]
[SourceQuality "1"]
[TimeControl "5400+30"]

1. Nf3 Nf6 2. g3 e6 3. Bg2 d5 4. d3 Be7 5. O-O O-O 6. Nbd2 c5 7. e4 Nc6 8. Re1 Qc7 9. Qe2 b5 10. e5 Nd7 11. Nf1 Re8 12. Bf4 Nf8 13. g4 Ng6 14. Bg3 Qd8 15. c3 f5 16. exf6 gxf6 17. Ne3 Bb7 18. h4 d4 19. cxd4 cxd4 20. Nc2 e5 21. Nd2 Rc8 22. Ne4 Kg7 23. h5 Nh8 24. Bh4 h6 25. Bh3 Rc7 26. Qf3 Bc8 27. Kh1 Nf7 28. Na3 a6 29. Rac1 Bd7 30. Rc2 Ng5 31. Bxg5 fxg5 32. Rec1 Rf8 33. Qe2 Rc8 34. Ng3 Bf6 35. Bg2 Ne7 36. Ne4 Nc6 37. Nd6 Rc7 38. Bxc6 Bxc6+ 39. Rxc6 Rxc6 40. Rxc6 Qd7 41. Nf5+ Kh7 42. Qe4 1-0

[Event "36th Indian-ch U13 Girls 2023"]
[Site "Secunderabad"]
[Date "2023.12.08"]
[Round "9.1"]
[White "Shreya G Hipparagi"]
[Black "Aamuktha Guntaka"]
[Result "1-0"]
[ECO "B48"]
[WhiteElo "1576"]
[BlackElo "1532"]
[Annotator "NA COMBH"]
[PlyCount "99"]
[EventDate "2023.12.04"]
[EventType "swiss"]
[EventCountry "IND"]
[SourceTitle "playchess.com"]
[Source "ChessBase"]
[SourceQuality "1"]
[TimeControl "5400+30"]

1. e4 c5 2. Nf3 e6 3. d4 cxd4 4. Nxd4 Nf6 5. Nc3 Nc6 6. a3 Be7 7. Be3 O-O 8. Be2 a6 9. O-O Qc7 10. Kh1 Rd8 11. Qe1 d6 12. f4 Bd7 13. Qf2 Be8 14. Bf3 Nd7 15. f5 Nxd4 16. Bxd4 Bf6 17. Bxf6 Nxf6 18. g4 Qc5 19. Qxc5 dxc5 20. e5 Nd5 21. Nxd5 exd5 22. Rad1 Bc6 23. Rd2 d4 24. Kg2 Re8 25. Re1 Rad8 26. Bxc6 bxc6 27. Kf3 Rd5 28. Kf4 Rb8 29. b3 d3 30. Re3 dxc2 31. Rxc2 Kf8 32. Rec3 Ke7 33. h3 Kd7 34. Re2 Re8 35. Ree3 Rd4+ 36. Re4 Rd5 37. h4 g6 38. Rce3 Kc7 39. Kg5 gxf5 40. gxf5 Rg8+ 41. Kf6 Rd7 42. Rc4 h5 43. Rxc5 Rg4 44. Rec3 Rxh4 45. Rxc6+ Kb7 46. R6c4 Rh2 47. Rb4+ Ka7 48. Re4 Rf2 49. Rh3 Rb2 50. e6 1-0

[Event "36th Indian-ch U13 Girls 2023"]
[Site "Secunderabad"]
[Date "2023.12.08"]
[Round "9.2"]
[White "Kirthika B"]
[Black "Gorli Nyna"]
[Result "1-0"]
[ECO "B42"]
[WhiteElo "1605"]
[BlackElo "1652"]
[Annotator "NA COMBH"]
[PlyCount "95"]
[EventDate "2023.12.04"]
[EventType "swiss"]
[EventCountry "IND"]
[SourceTitle "playchess.com"]
[Source "ChessBase"]
[SourceQuality "1"]
[TimeControl "5400+30"]

1. e4 c5 2. Nf3 e6 3. d4 cxd4 4. Nxd4 a6 5. Bd3 Nc6 6. Nxc6 bxc6 7. c4 Nf6 8. O-O Qc7 9. Nc3 Be7 10. Qe2 e5 11. f4 d6 12. h3 Rb8 13. Kh1 exf4 14. Bxf4 Nd7 15. Rab1 O-O 16. b4 Ne5 17. Rfc1 Bf6 18. a4 Ng6 19. Bg3 Bxc3 20. Rxc3 c5 21. b5 Ne5 22. Rcb3 axb5 23. Bxe5 dxe5 24. cxb5 Be6 25. Bc4 Bxc4 26. Qxc4 Rfd8 27. Rc3 Qb7 28. Rd3 Rd4 29. Rxd4 cxd4 30. Qd5 Qc7 31. b6 Qc2 32. Rf1 Rf8 33. b7 Qb2 34. a5 h6 35. a6 Qb6 36. Qc4 h5 37. Rc1 d3 38. Qxd3 Qa5 39. Qd6 Re8 40. b8=Q Rxb8 41. Qxb8+ Kh7 42. a7 Qd2 43. Qc8 Kg6 44. a8=Q Kg5 45. Qd8+ Qxd8 46. Qxd8+ f6 47. Qd7 Kh6 48. Rc7 1-0

[Event "36th Indian-ch U13 Girls 2023"]
[Site "Secunderabad"]
[Date "2023.12.08"]
[Round "9.3"]
[White "Akshaya Sathi"]
[Black "Nihira Koul"]
[Result "1-0"]
[ECO "C11"]
[WhiteElo "1542"]
[BlackElo "1484"]
[Annotator "NA COMBH"]
[PlyCount "99"]
[EventDate "2023.12.04"]
[EventType "swiss"]
[EventCountry "IND"]
[SourceTitle "playchess.com"]
[Source "ChessBase"]
[SourceQuality "1"]
[TimeControl "5400+30"]

1. e4 e6 2. d4 d5 3. Nc3 Nf6 4. e5 Nfd7 5. f4 c5 6. Nf3 Nc6 7. Be3 Qb6 8. Na4 Qa5+ 9. c3 cxd4 10. b4 Qc7 11. Nxd4 Nxd4 12. Bxd4 Be7 13. Bd3 Nb8 14. a3 Nc6 15. Be3 Bd7 16. O-O O-O 17. Rf3 f5 18. Nc5 b6 19. Nb3 Be8 20. Rh3 Bf7 21. Qf3 Nxe5 22. fxe5 Qxc3 23. Qd1 Qxe5 24. Bd4 Qd6 25. Qe2 Bf6 26. Re1 Rfe8 27. Be5 Bxe5 28. Qxe5 Rad8 29. Nd4 Qxe5 30. Rxe5 Rd6 31. Rhe3 Rc8 32. Re1 g6 33. Bb5 Rc3 34. a4 Ra3 35. Nxe6 a6 36. Bxa6 Rxa4 37. b5 Re4 38. Ng5 Rxe1+ 39. Rxe1 d4 40. Nxf7 Kxf7 41. Kf2 Kf6 42. Ke2 Ke5 43. Kd3+ Kd5 44. Bb7+ Kc5 45. Bc6 Rd8 46. Rc1+ Kd6 47. Kxd4 Rc8 48. Ra1 Rb8 49. Ra7 h6 50. Rg7 1-0

[Event "36th Indian-ch U13 Girls 2023"]
[Site "Secunderabad"]
[Date "2023.12.08"]
[Round "9.4"]
[White "Siddhi Rao"]
[Black "Kalyani Sirin"]
[Result "1/2-1/2"]
[ECO "C54"]
[WhiteElo "1467"]
[BlackElo "1802"]
[Annotator "NA COMBH"]
[PlyCount "98"]
[EventDate "2023.12.04"]
[EventType "swiss"]
[EventCountry "IND"]
[SourceTitle "playchess.com"]
[Source "ChessBase"]
[SourceQuality "1"]
[TimeControl "5400+30"]

1. e4 e5 2. Nf3 Nc6 3. Bc4 Bc5 4. c3 Nf6 5. d3 d6 6. O-O a5 7. Nbd2 O-O 8. h3 Ba7 9. Re1 Be6 10. Bb5 Ne7 11. d4 Ng6 12. Nf1 c6 13. Bd3 h6 14. Ng3 Re8 15. Qc2 a4 16. Be3 Qc7 17. c4 Qe7 18. d5 Bd7 19. Bd2 Rec8 20. Qd1 Bb6 21. b3 Qd8 22. b4 a3 23. Qb3 c5 24. Rec1 Ba4 25. Qb1 cxb4 26. Bxb4 Bc5 27. Bxc5 Rxc5 28. Qb4 Nf4 29. Bf1 Qf8 30. Qxa3 Bd1 31. Qe3 Bxf3 32. Qxf3 Rca5 33. Qb3 R8a7 34. Rcb1 Nd7 35. Nf5 Nc5 36. Qc2 R7a6 37. Rb5 Ra3 38. Qb1 g6 39. Ne3 Qa8 40. Rb2 R3a5 41. Nd1 Ra3 42. Ne3 R3a5 43. g3 Nh5 44. Nd1 Ra3 45. Ne3 Qa7 46. Nc2 Rc3 47. Nb4 Raa3 48. Kh2 Na4 49. Rd2 Nc5 1/2-1/2

[Event "36th Indian-ch U13 Girls 2023"]
[Site "Secunderabad"]
[Date "2023.12.08"]
[Round "9.5"]
[White "Arshiya Das"]
[Black "Singh Myra"]
[Result "1/2-1/2"]
[ECO "C68"]
[WhiteElo "1729"]
[BlackElo "1454"]
[Annotator "NA COMBH"]
[PlyCount "88"]
[EventDate "2023.12.04"]
[EventType "swiss"]
[EventCountry "IND"]
[SourceTitle "playchess.com"]
[Source "ChessBase"]
[SourceQuality "1"]
[TimeControl "5400+30"]

1. e4 e5 2. Nf3 Nc6 3. Bb5 a6 4. Bxc6 dxc6 5. O-O Bd6 6. d4 exd4 7. Qxd4 f6 8. Nbd2 Be6 9. e5 fxe5 10. Nxe5 Nf6 11. Re1 O-O 12. Ndf3 Re8 13. Qh4 Bd5 14. Bg5 Be7 15. Rad1 Qc8 16. c4 Bxf3 17. Nxf3 h6 18. Bc1 Qf5 19. Nd4 Qg6 20. Qh3 Bc5 21. Be3 Ng4 22. Qg3 Bd6 23. f4 Kh7 24. Qf3 Nxe3 25. Rxe3 Rxe3 26. Qxe3 Re8 27. Qc1 Qe4 28. Nf3 Bxf4 29. Qc3 Qg6 30. Kf1 Qf7 31. Qd3+ Kg8 32. Kg1 Bd6 33. Kh1 Qe6 34. g3 Rf8 35. Kg2 Qf6 36. b3 Bc5 37. Rd2 Re8 38. Re2 Rxe2+ 39. Qxe2 Kf8 40. Ne5 Kg8 41. Nf3 b5 42. Qe8+ Kh7 43. Qe4+ Kg8 44. Qe8+ Kh7 1/2-1/2

[Event "36th Indian-ch U13 Girls 2023"]
[Site "Secunderabad"]
[Date "2023.12.08"]
[Round "9.6"]
[White "Saparya Ghosh"]
[Black "Shivamshika G"]
[Result "1-0"]
[ECO "D23"]
[WhiteElo "1662"]
[BlackElo "1424"]
[Annotator "NA COMBH"]
[PlyCount "65"]
[EventDate "2023.12.04"]
[EventType "swiss"]
[EventCountry "IND"]
[SourceTitle "playchess.com"]
[Source "ChessBase"]
[SourceQuality "1"]
[TimeControl "5400+30"]

1. d4 d5 2. c4 c6 3. Nf3 Nf6 4. Qb3 dxc4 5. Qxc4 Bg4 6. Nbd2 Nbd7 7. g3 g6 8. Ng5 Nd5 9. h3 N7b6 10. Qb3 Bd7 11. e4 h6 12. Nxf7 Kxf7 13. exd5 Nxd5 14. Bg2 Bg7 15. Qxb7 Bxd4 16. O-O Rb8 17. Qa6 Nb4 18. Qe2 Bf5 19. Ne4 Nd3 20. Be3 Nxb2 21. Rab1 Be6 22. Rfd1 Nxd1 23. Rxd1 Qa5 24. Bxd4 Rhd8 25. Nc5 Qxa2 26. Qe5 Rg8 27. Kh2 Rbd8 28. Re1 Rd6 29. Nb7 Rd7 30. Bxc6 Rxd4 31. Qxd4 Rc8 32. Rxe6 Qxe6 33. Bd5 1-0

[Event "36th Indian-ch U13 Girls 2023"]
[Site "Secunderabad"]
[Date "2023.12.08"]
[Round "9.7"]
[White "Aadya Gupta"]
[Black "Pratyasha Jena"]
[Result "1-0"]
[ECO "D37"]
[WhiteElo "1460"]
[BlackElo "1603"]
[Annotator "NA RC"]
[PlyCount "59"]
[EventDate "2023.12.04"]
[EventType "swiss"]
[EventCountry "IND"]
[SourceTitle "playchess.com"]
[Source "ChessBase"]
[SourceQuality "1"]
[TimeControl "5400+30"]

1. d4 d5 2. c4 e6 3. Nf3 Nf6 4. a3 Be7 5. Bf4 O-O 6. Nc3 c6 7. e3 Nbd7 8. Bd3 Nh5 9. Bg3 g6 10. O-O Nxg3 11. hxg3 b6 12. Qe2 Bb7 13. Rfd1 Qc7 14. Rac1 Qd8 15. g4 Bf6 16. g3 Qe7 17. e4 Rac8 18. cxd5 exd5 19. exd5 cxd5 20. Qxe7 Bxe7 21. g5 a6 22. Re1 Rfe8 23. Bf1 b5 24. Bh3 Rcd8 25. Nb1 Kf8 26. Rc7 Bc8 27. Rxc8 Rxc8 28. Bxd7 Bb4 29. Rxe8+ Rxe8 30. Bxe8 1-0

[Event "36th Indian-ch U13 Girls 2023"]
[Site "Secunderabad"]
[Date "2023.12.08"]
[Round "9.8"]
[White "Sherali Pattnaik"]
[Black "Shanmathi Sree S"]
[Result "0-1"]
[ECO "B90"]
[WhiteElo "1575"]
[BlackElo "1420"]
[Annotator "NA COMBH"]
[PlyCount "98"]
[EventDate "2023.12.04"]
[EventType "swiss"]
[EventCountry "IND"]
[SourceTitle "playchess.com"]
[Source "ChessBase"]
[SourceQuality "1"]
[TimeControl "5400+30"]

1. e4 c5 2. Nf3 d6 3. d4 cxd4 4. Nxd4 Nf6 5. Nc3 a6 6. Be3 e5 7. Nb3 Be6 8. f3 Be7 9. Qd2 Nbd7 10. O-O-O b5 11. g4 Rc8 12. Kb1 Nb6 13. h4 Qc7 14. Qf2 Nc4 15. Bxc4 bxc4 16. Nc1 Rb8 17. g5 Nh5 18. Nd5 Bxd5 19. Rxd5 O-O 20. c3 a5 21. Qc2 Rfc8 22. Ne2 g6 23. f4 Rb7 24. f5 Rcb8 25. Bc1 Qb6 26. f6 Bd8 27. Rhd1 Bc7 28. Qa4 Qa6 29. R1d2 Rb5 30. Qd1 Qb7 31. Qc2 Kf8 32. Rxb5 Qxb5 33. Rd5 Qc6 34. Ng1 a4 35. a3 Rb3 36. Nf3 Rb8 37. Nh2 Bb6 38. Qd1 Bc5 39. Ka2 Qb5 40. Qc2 Qb3+ 41. Qxb3 cxb3+ 42. Ka1 Ng3 43. Ng4 Nxe4 44. Be3 Bxa3 45. Ra5 Bc5 46. Nxe5 dxe5 47. Bxc5+ Nxc5 48. Rxc5 Rd8 49. Rxe5 Rd1# 0-1

[Event "36th Indian-ch U13 Girls 2023"]
[Site "Secunderabad"]
[Date "2023.12.08"]
[Round "9.9"]
[White "Vaishnavi S K"]
[Black "Yasaswi Krishna Bommi"]
[Result "1-0"]
[ECO "B07"]
[WhiteElo "1417"]
[BlackElo "1543"]
[Annotator "NA COMBH"]
[PlyCount "137"]
[EventDate "2023.12.04"]
[EventType "swiss"]
[EventCountry "IND"]
[SourceTitle "playchess.com"]
[Source "ChessBase"]
[SourceQuality "1"]
[TimeControl "5400+30"]

1. e4 d6 2. d3 Nf6 3. Nc3 g6 4. Nf3 Bg7 5. Be2 O-O 6. O-O e5 7. Bg5 h6 8. Bh4 g5 9. Bg3 Nh5 10. Nd2 Nf4 11. Bf3 Nc6 12. Bxf4 exf4 13. g3 Kh8 14. Kh1 Rg8 15. Bg4 Ne5 16. Bxc8 Qxc8 17. Nf3 Qh3 18. Ng1 Qd7 19. gxf4 gxf4 20. Nce2 Ng6 21. Qd2 Qg4 22. f3 Qh4 23. Qe1 Qh5 24. Rf2 Bf6 25. Qf1 Bh4 26. Qh3 Qe5 27. d4 Qe7 28. Rg2 Rg7 29. Rg4 Bg5 30. Qh5 Rag8 31. Nh3 Rh7 32. Nxg5 hxg5 33. Qxg5 f6 34. Qf5 Rh6 35. Nxf4 Nxf4 36. Rxg8+ Kxg8 37. Qxf4 Qh7 38. Rg1+ Kf8 39. Rg2 Ke7 40. Qg4 Rh5 41. Qg7+ Qxg7 42. Rxg7+ Kd8 43. Kg2 f5 44. Kg3 fxe4 45. fxe4 Ra5 46. a3 Rb5 47. b3 a5 48. h4 a4 49. b4 c5 50. Rg5 Ke7 51. dxc5 dxc5 52. Rxc5 Rb6 53. h5 Kf7 54. Kf4 Kg7 55. Kg5 Re6 56. e5 Re7 57. h6+ Kh7 58. Kf6 Rd7 59. e6 Rd2 60. e7 Rf2+ 61. Rf5 Re2 62. Kf7 b5 63. e8=Q Rg2 64. Qe4 Rg6 65. Rg5 Kh8 66. Qe8+ Kh7 67. Qe4 Kh8 68. Kxg6 Kg8 69. Qe8# 1-0

[Event "36th Indian-ch U13 Girls 2023"]
[Site "Secunderabad"]
[Date "2023.12.08"]
[Round "9.10"]
[White "Goddeti Hima Tejaswini"]
[Black "Modipalli Deekshitha"]
[Result "1/2-1/2"]
[ECO "C95"]
[WhiteElo "1507"]
[BlackElo "1394"]
[Annotator "NA COMBH"]
[PlyCount "83"]
[EventDate "2023.12.04"]
[EventType "swiss"]
[EventCountry "IND"]
[SourceTitle "playchess.com"]
[Source "ChessBase"]
[SourceQuality "1"]
[TimeControl "5400+30"]

1. e4 e5 2. Nf3 Nc6 3. Bb5 a6 4. Ba4 Nf6 5. O-O Be7 6. Re1 b5 7. Bb3 d6 8. c3 O-O 9. h3 Nb8 10. d4 Nbd7 11. Nbd2 Bb7 12. Bc2 Re8 13. Nf1 Bf8 14. Ng3 g6 15. b3 Bg7 16. Rb1 c5 17. d5 Qc7 18. Be3 Nb6 19. Qd2 Nfd7 20. Bh6 f6 21. h4 Kf7 22. h5 Rg8 23. Nh4 Bxh6 24. Qxh6 Nf8 25. hxg6+ hxg6 26. Bd1 Ke7 27. Bg4 Bc8 28. Bxc8 Rxc8 29. Qd2 Kd8 30. Nf3 c4 31. b4 Qh7 32. Kf1 Qd7 33. Ke2 g5 34. Nf5 Ng6 35. g3 Kc7 36. Nh2 Ne7 37. Ne3 f5 38. exf5 Nxf5 39. Nhg4 Rgf8 40. Rh1 Nxe3 41. Nxe3 Qf7 42. Rbf1 1/2-1/2

[Event "36th Indian-ch U13 Girls 2023"]
[Site "Secunderabad"]
[Date "2023.12.09"]
[Round "10.1"]
[White "Akshaya Sathi"]
[Black "Shreya G Hipparagi"]
[Result "1-0"]
[ECO "C41"]
[WhiteElo "1542"]
[BlackElo "1576"]
[Annotator "NA RC"]
[PlyCount "83"]
[EventDate "2023.12.04"]
[EventType "swiss"]
[EventCountry "IND"]
[SourceTitle "playchess.com"]
[Source "ChessBase"]
[SourceQuality "1"]
[TimeControl "5400+30"]

1. e4 e5 2. Nf3 d6 3. d4 exd4 4. Qxd4 Nf6 5. Nc3 Be7 6. Bg5 O-O 7. O-O-O Re8 8. e5 dxe5 9. Qh4 Bd6 10. Ne4 Nbd7 11. Bb5 Re6 12. Bc4 Re8 13. Bb5 Re6 14. Bxf6 gxf6 15. Bc4 Re8 16. Nxd6 cxd6 17. Rxd6 Qe7 18. Rhd1 Kh8 19. Bb5 Rd8 20. Nxe5 Qxe5 21. Bxd7 Rxd7 22. Rxd7 Bxd7 23. Rxd7 Qe6 24. Rd1 Rc8 25. Qh3 Qxh3 26. gxh3 Rc7 27. Kd2 Kg7 28. c3 Kg6 29. Ke3 Kg5 30. Rd5+ Kh4 31. Kf3 Re7 32. c4 Rc7 33. b3 b6 34. Kg2 h5 35. Rd4+ Kg5 36. Kf3 h4 37. Ke3 f5 38. Kd3 Re7 39. b4 Re1 40. c5 bxc5 41. bxc5 Rd1+ 42. Kc4 1-0

[Event "36th Indian-ch U13 Girls 2023"]
[Site "Secunderabad"]
[Date "2023.12.09"]
[Round "10.2"]
[White "Aadya Gupta"]
[Black "Kirthika B"]
[Result "1/2-1/2"]
[ECO "E83"]
[WhiteElo "1460"]
[BlackElo "1605"]
[Annotator "NA RC"]
[PlyCount "61"]
[EventDate "2023.12.04"]
[EventType "swiss"]
[EventCountry "IND"]
[SourceTitle "playchess.com"]
[Source "ChessBase"]
[SourceQuality "1"]
[TimeControl "5400+30"]

1. d4 Nf6 2. c4 g6 3. Nc3 Bg7 4. e4 d6 5. f3 O-O 6. Be3 Nc6 7. Nge2 a6 8. Nc1 Bd7 9. Qd2 Na5 10. Be2 e5 11. d5 b6 12. O-O Nh5 13. b4 Nb7 14. Nd3 Qe7 15. Rac1 f5 16. exf5 Bxf5 17. Bg5 Bf6 18. Bxf6 Nxf6 19. Nf2 Nd8 20. Nce4 Nxe4 21. fxe4 Bd7 22. Ng4 Bxg4 23. Bxg4 Nf7 24. Be6 Kg7 25. Rxf7+ Rxf7 26. Bxf7 Qxf7 27. Rf1 Qe7 28. Qf2 a5 29. b5 Rb8 30. a4 Ra8 31. Qf3 1/2-1/2

[Event "36th Indian-ch U13 Girls 2023"]
[Site "Secunderabad"]
[Date "2023.12.09"]
[Round "10.3"]
[White "Shanmathi Sree S"]
[Black "Saparya Ghosh"]
[Result "1-0"]
[ECO "B33"]
[WhiteElo "1420"]
[BlackElo "1662"]
[Annotator "NA RC"]
[PlyCount "73"]
[EventDate "2023.12.04"]
[EventType "swiss"]
[EventCountry "IND"]
[SourceTitle "playchess.com"]
[Source "ChessBase"]
[SourceQuality "1"]
[TimeControl "5400+30"]

1. e4 c5 2. Nf3 Nc6 3. d4 cxd4 4. Nxd4 Nf6 5. Nc3 e5 6. Ndb5 d6 7. Be3 Be7 8. Be2 O-O 9. O-O a6 10. Na3 b5 11. Nd5 Rb8 12. f3 Bb7 13. c4 b4 14. Nc2 Bc8 15. Nxe7+ Qxe7 16. b3 Ne8 17. Bf2 Nc7 18. Qd2 f5 19. Rad1 Rd8 20. Ne3 Nd4 21. Bd3 Qg5 22. Kh1 Nce6 23. Nxf5 Qxd2 24. Rxd2 Nxf5 25. exf5 Nd4 26. Bxd4 exd4 27. Be4 Rf8 28. g4 g6 29. fxg6 Bxg4 30. g7 Rf4 31. Bd5+ Kxg7 32. Rg1 h5 33. fxg4 hxg4 34. Rdg2 g3 35. Rxg3+ Kf6 36. Rg6+ Ke7 37. Re1+ 1-0

[Event "36th Indian-ch U13 Girls 2023"]
[Site "Secunderabad"]
[Date "2023.12.09"]
[Round "10.4"]
[White "Gorli Nyna"]
[Black "Vaishnavi S K"]
[Result "1/2-1/2"]
[ECO "C54"]
[WhiteElo "1652"]
[BlackElo "1417"]
[Annotator "NA RC"]
[PlyCount "74"]
[EventDate "2023.12.04"]
[EventType "swiss"]
[EventCountry "IND"]
[SourceTitle "playchess.com"]
[Source "ChessBase"]
[SourceQuality "1"]
[TimeControl "5400+30"]

1. e4 e5 2. Nf3 Nc6 3. Bc4 Bc5 4. c3 Nf6 5. d3 d6 6. O-O O-O 7. h3 h6 8. Nbd2 a6 9. a4 Ba7 10. Re1 Kh8 11. Nf1 Nh7 12. d4 exd4 13. cxd4 f5 14. e5 d5 15. Ba2 f4 16. Bb1 Be6 17. b3 g5 18. g4 Qd7 19. Qd3 Rg8 20. Qxh7+ Qxh7 21. Bxh7 Kxh7 22. Bb2 Kg6 23. Rac1 Rg7 24. Red1 Rh7 25. Bc3 a5 26. Bb2 Bb6 27. Ba3 h5 28. N1h2 hxg4 29. hxg4 Rah8 30. Bb2 Rh3 31. Kg2 R3h7 32. Kg1 Ne7 33. Kg2 Ng8 34. Rg1 Rh3 35. Rh1 R3h7 36. Rhg1 Rh3 37. Rc2 R3h7 1/2-1/2